 Dungeon Crawl Stone Soup version 0.17.0-28-g6e173f8 (webtiles) character file.

98 vatarom the Changer (level 4, 0/37 HPs)
             Began as a Draconian Transmuter on Nov 22, 2015.
             Killed from afar by Natasha (7 damage)
             ... with a wand of flame
             ... on level 2 of the Dungeon.
             The game lasted 00:04:02 (1715 turns).

vatarom the Changer (Draconian Transmuter)          Turns: 1715, Time: 00:04:02

Health: 0/37       AC:  2    Str: 12      XL:     4   Next: 43%
Magic:  4/7        EV: 19    Int: 14 (15) God:
Gold:   71         SH:  0    Dex: 16      Spells: 2 memorised, 3 levels left

rFire  . . .     SeeInvis .       - Unarmed
rCold  . . .     Clarity  .     (armour unavailable)
rNeg   . . .     SustAt   .     (shield currently unavailable)
rPois  .         Gourm    .     (helmet currently unavailable)
rElec  .         Spirit   .     (cloak currently unavailable)
rCorr  .         Warding  .     (gloves currently unavailable)
rMut   .         Stasis   .     (boots currently unavailable)
MR     .....                    (no amulet)
Stlth  +.........               (no ring)
                                j - ring of poison resistance

@: spider-form, not resistant to hostile enchantments, very unstealthy
A: unfitting armour, (cold-blooded), AC +5
a: End Transformation


You were on level 2 of the Dungeon.
You were not hungry.
You were a venomous arachnid creature.
You visited 1 branch of the dungeon, and saw 2 of its levels.

You collected 71 gold pieces.

Inventory:

Missiles
 a - 12 arrows
Jewellery
 j - a ring of poison resistance (left front leg)
Wands
 f - a wand of magic darts (33)
Scrolls
 d - a scroll of immolation
 e - a scroll of enchant armour {unknown}
 g - a scroll of identify
 h - a scroll of fear
Potions
 k - a potion of curing
Books
 b - a book of Changes

   Spells                             Type                      Level
   a - Beastly Appendage              Transmutation                1
   b - Sticks to Snakes               Transmutation                2
   c - Spider Form                    Transmutation/Poison         3
   d - Ice Form                       Ice/Transmutation            4
   e - Blade Hands                    Transmutation                5
Comestibles
 c - a bread ration


   Skills:
 + Level 2.7 Fighting
 - Level 1.7 Dodging
 - Level 3.0 Unarmed Combat
 - Level 2.0 Spellcasting
 * Level 4.0 Transmutations


You had 3 spell levels left.
You knew the following spells:

 Your Spells              Type           Power        Failure   Level  Hunger
a - Beastly Appendage     Trmt           ##....       14%         1    ##.....
b - Spider Form           Trmt/Pois      #.........   52%         3    ####...


Dungeon Overview and Level Annotations

Branches:
Dungeon (2/15)

Altars:
Yredelemnul

Annotations:
D:2 Natasha


Innate Abilities, Weirdness & Mutations

((Your plain brown scales are hard (AC +5).))
Your body does not fit into most forms of armour.
((You are cold-blooded and may be slowed by cold attacks.))


Message History

Casting: Spider Form
Confirm with . or Enter, or press ? or * to list all spells.
You turn into a venomous arachnid creature.
Natasha completely misses you.
You closely miss Natasha.
Natasha stares at you and mumbles some strange words.
You resist with some effort.
You hit Natasha.
Natasha is poisoned.
Natasha is moderately wounded.
Natasha mumbles some strange words.
Natasha glows brightly for a moment.
Natasha zaps a wand.
The puff of flame misses you.
You hit Natasha.
Natasha looks even sicker.
Natasha is moderately wounded.
Natasha claws you.
* * * LOW HITPOINT WARNING * * *
You completely miss Natasha.
Natasha is moderately wounded.
Natasha zaps a wand.
The puff of flame hits you!
You die...

..##.......... ....
####.##..####.####..##
.....##..#...........#
...###...............#
..####.........(.....#
.............###.#####
..))..(.....####.#
..#...#####.##...###
.....#.###.#....s..#
.....##.#.##....h(.#
##.####...####.....#
.[.................#
.######...####...### .
#.#.##....## #
#.###.#.<..##
#..#####..5.(.##
............#..#####


You could see Natasha and a crimson imp.

Vanquished Creatures
  Natasha (D:2)
  2 adders (D:2)
  An ooze (D:2)
  A worm (D:2)
  A giant gecko (D:2)
  2 ball pythons
  5 bats
  3 giant cockroaches
  7 goblins
  6 hobgoblins
  4 quokkas (D:2)
  A giant newt (D:1)
  9 kobolds
  4 rats
47 creatures vanquished.

Notes
Turn   | Place    | Note
--------------------------------------------------------------
     0 | D:1      | vatarom the Draconian Transmuter began the quest for the Orb.
     0 | D:1      | Reached XP level 1. HP: 16/16 MP: 3/3
   280 | D:1      | Reached XP level 2. HP: 12/23 MP: 3/5
   796 | D:2      | Reached XP level 3. HP: 13/29 MP: 4/6
  1142 | D:2      | Learned a level 3 spell: Spider Form
  1175 | D:2      | Found a basalt altar of Yredelemnul.
  1226 | D:2      | Noticed Natasha
  1233 | D:2      | Killed Natasha
  1299 | D:2      | Reached XP level 4. HP: 17/37 MP: 7/7
  1505 | D:2      | Reached skill level 4 in Transmutations
  1694 | D:2      | Noticed Natasha
  1715 | D:2      | Killed from afar by Natasha

Action                   |  1- 3 |  4- 6 || total
-------------------------+-------+-------++-------
Melee: Unarmed           |   142 |    59 ||   201
 Cast: Beastly Appendage |    13 |     1 ||    14
       Spider Form       |     1 |     4 ||     5
  Use: Scroll            |     3 |       ||     3
       Potion            |     1 |     3 ||     4
  Eat: Pizza             |     1 |       ||     1
       Beef jerky        |       |     1 ||     1
       Chunk             |       |     1 ||     1
